 Dungeon Crawl Stone Soup version 0.32-a0-918-g0f22ef8d61 (webtiles) character file.

Game seed: 7319702421520564748

2937 whatisthis the Thaumaturge (level 9, 0/52 HPs)
             Began as a Deep Elf Air Elementalist on Apr 11, 2024.
             Was an Initiate of Sif Muna.
             Slain by a killer bee (5 damage)
             ... on level 7 of the Dungeon.
             The game lasted 00:17:00 (7939 turns).

whatisthis the Thaumaturge (DEAE)                   Turns: 7939, Time: 00:17:00

Health: 0/52       AC:  8    Str:  5    XL:     9   Next: 51%
Magic:  13/24      EV: 11    Int: 25    God:    Sif Muna [......]
Gold:   392        SH:  0    Dex: 15    Spells: 17/27 levels left

rFire   . . .        h - staff of air
rCold   . . .        E - orb {*channel}
rNeg    . . .        F - +1 robe {Will+}
rPois   .            (no helmet)
rElec   +            D - +1 cloak of Fanaticism {rElec}
rCorr   .            (no gloves)
SInv    .            s - +2 pair of boots
Will    +....        (no amulet)
Stlth   ++           (no ring)
HPRegen 0.28/turn    (no ring)
MPRegen 0.19/turn

%: channel magic (20%)
@: studying Ice Magic
A: no striking features
a: Renounce Religion


You were on level 7 of the Dungeon.
You worshipped Sif Muna.
Sif Muna was noncommittal.
You visited 2 branches of the dungeon, and saw 9 of its levels.

You collected 392 gold pieces.

Inventory:

Hand Weapons
 f - a +2 dagger of freezing
 i - a +1 spear of venom
Missiles
 d - 13 poisoned darts
 H - 3 throwing nets
Armour
 s - a +2 pair of boots (worn)
 D - the +1 cloak of Fanaticism (worn) {rElec}
   (You acquired it on level 6 of the Dungeon)

   rElec:     It insulates you from electricity.
 E - an orb of energy (worn)
 F - a +1 robe of willpower (worn)
Magical Staves
 h - a staff of air (weapon)
Wands
 u - a wand of mindburst (11)
 z - a wand of flame (26)
Scrolls
 a - a scroll of revelation {unknown}
 e - a scroll of blinking
 k - 3 scrolls of teleportation
 l - 4 scrolls of noise
 n - 2 scrolls of brand weapon
 o - a scroll of butterflies
 r - 3 scrolls of immolation
 w - a scroll of amnesia {unknown}
 x - a scroll of vulnerability {unknown}
 y - a scroll of fog {unknown}
 A - 3 scrolls of poison
 G - a scroll of enchant armour
Potions
 b - 2 potions of magic
 c - a potion of mutation {unknown}
 g - 4 potions of curing
 j - 2 potions of invisibility {unknown}
 m - 2 potions of haste {unknown}
 p - 5 potions of ambrosia {unknown}
 q - a potion of heal wounds {unknown}
 t - a potion of might {unknown}
 v - a potion of berserk rage {unknown}
 B - a potion of resistance {unknown}
 C - 2 potions of enlightenment {unknown}


   Skills:
 + Level 4.5 Fighting
 - Level 2.4 Dodging
 - Level 2.4 Stealth
 + Level 9.6 Spellcasting
 + Level 7.6 Conjurations
 + Level 8.3 Air Magic


You had 17 spell levels left.
You knew the following spells:

 Your Spells              Type           Power      Damage    Failure   Level
a - Shock                 Conj/Air       100%       1d9       2%          1
b - Static Discharge      Conj/Air       100%       3-8/arc   2%          2
c - Swiftness             Air            69%        N/A       3%          3
d - Airstrike             Air            34%        2d(5-21)  7%          4

Your spell library contained the following spells:

 Spells                   Type           Power      Damage    Failure   Level
 Hailstorm                Conj/Ice       31%        3d8       11%         3
 Freeze                   Ice            48%        1d6       16%         1
 Sublimation of Blood     Necr           12%        N/A       21%         2
 Frozen Ramparts          Ice            24%        1d4       34%         3
 Inner Flame              Hex/Fire       12%        N/A       34%         3
 Sigil of Binding         Hex            12%        N/A       34%         3
 Summon Ice Beast         Ice/Summ       12%        N/A       34%         3
 Irradiate                Conj/Alch      15%        3d16      52%         5
 Petrify                  Alch/Erth      12%        N/A       67%         4
 Summon Blazeheart Golem  Fire/Summ      12%        N/A       67%         4
 Summon Forest            Summ/Tloc      6%         N/A       93%         5
 Summon Mana Viper        Hex/Summ       12%        N/A       93%         5
 Orb of Destruction       Conj           25%        9d9       96%         7
 Death Channel            Necr           6%         N/A       100%        6
 Eringya's Noxious Bog    Alch           6%         4d6       100%        6
 Sculpt Simulacrum        Ice/Alch       6%         N/A       100%        6
 Monstrous Menagerie      Summ           6%         N/A       100%        7
 Spellforged Servitor     Conj/Summ      15%        N/A       100%        7
 Summon Hydra             Summ           6%         N/A       100%        7
 Ignition                 Fire           6%         3d4       100%        8


Dungeon Overview and Level Annotations

Branches:
Dungeon (8/15)             Temple (1/1) D:6
   Lair: D:8-11

Altars:
Ashenzari
Cheibriados
Elyvilon
Fedhas
Gozag
Hepliaklqana
Kikubaaqudgha
Makhleb
Okawaru
Qazlal
Sif Muna
Trog
Uskayaw
Vehumet
Wu Jian
Yredelemnul
Zin
The Shining One

Shops:
D:8 (

Annotations:
D:4 Duvessa
D:5 1 runed translucent door, Crazy Yiuf, Pikel


Message History

The killer bee is moderately wounded.
The zap hits the bullfrog.
The bullfrog is heavily wounded.
You feel sick.
You are no longer poisoned.
The killer bee barely misses you.
Aiming: Shock (safe; 2% risk of failure)
Press: ? - help, Q - select action, (/) - cycle Shift-Dir - straight line, f - killer bee
Aim: a killer bee (moderately wounded, 48% to hit)
You feel a surge of power!
The zap misses the killer bee. x2
The zap hits the killer bee.
The killer bee is lightly wounded.
Magical energy flows into your mind!
Your surroundings suddenly seem different.
Found a dagger.
Unknown command.
The bullfrog gives a loud, deep croak!
The killer bee buzzes angrily. x2
The bullfrog swells and bulges.
The killer bee misses you. The killer bee barely misses you.
The killer bee stings you.
The killer bee stings you but does no damage.
The killer bee barely misses you.
The killer bee stings you but does no damage.
There is a stone staircase leading up here.
The killer bee stings you. The killer bee closely misses you. x2
The bullfrog hits you but does no damage.
The killer bee stings you!
* * * LOW HITPOINT WARNING * * *
You climb upwards.
There is a stone staircase leading down here.
The killer bee barely misses you.
The killer bee stings you but does no damage.
The killer bee stings you.
* * * LOW HITPOINT WARNING * * *
The killer bee misses you. The killer bee closely misses you.
The killer bee stings you.
* * * LOW HITPOINT WARNING * * *
The killer bee stings you.
You die...

.#######.........#......####
#######...#.##......##..#
#...%.....#.##.....###.##
...[......#........# #.#
..........###....### #.#
.)...............# #<#
.................# #.#
..............##.# #.#
.......#......##@#####.#
.....###........yy...#.###
.....##.........>........###
.....##...................<###
.....##...)..............#...##
.....##....)...........#####..#
###.##..##........#..#.# ##.#
#......###.............## #.###
.....#####..#####.###...# #....


You could see 2 killer bees.

Vanquished Creatures
  Jeremiah (D:6)
  Prince Ribbit (D:5)
  A steam dragon (D:7)
  Edmund (D:5)
  An orc warrior (D:8)
  A sky beast (D:5)
  An ice beast (D:7)
  3 ogres
  A centaur (D:4)
  5 phantoms
  A bullfrog (D:7)
  A scorpion (D:6)
  A gnoll sergeant (D:7)
  6 killer bees (D:8)
  A howler monkey (D:7)
  2 jellies
  3 hounds
  An orc priest (D:8)
  A bombardier beetle (D:4)
  A gnoll bouda (D:6)
  2 iguanas
  3 sleepcaps
  An orc wizard (D:8)
  2 hound zombies (D:4)
  6 adders
  13 gnolls
  A white imp (D:5)
  4 ufetubi
  3 adder zombies (D:4)
  4 dart slugs
  A ribbon worm (D:4)
  10 orcs
  7 endoplasms
  3 giant cockroaches
  11 goblins
  5 hobgoblins
  8 jackals
  7 kobolds
  4 quokkas
  14 ball pythons
  12 bats
  7 frilled lizards
  5 rats
167 creatures vanquished.

Notes
Turn   | Place    | Note
-------+----------+-------------------------------------------
     0 | D:1      | whatisthis the Deep Elf Air Elementalist began the quest
                  | for the Orb.
     0 | D:1      | Reached XP level 1. HP: 10/10 MP: 6/6
   311 | D:1      | Reached XP level 2. HP: 15/15 MP: 6/8
  1093 | D:1      | Learned a level 2 spell: Static Discharge
  1104 | D:2      | Reached XP level 3. HP: 18/19 MP: 10/10
  1195 | D:2      | Reached skill level 4 in Spellcasting
  1775 | D:2      | Reached XP level 4. HP: 23/24 MP: 8/12
  1951 | D:2      | Learned a level 3 spell: Swiftness
  2477 | D:3      | Reached XP level 5. HP: 28/28 MP: 10/14
  3023 | D:4      | Noticed a phantom
  3029 | D:3      | Killed a phantom
  3030 | D:3      | Reached skill level 5 in Spellcasting
  3088 | D:4      | Found a bloodstained altar of Trog.
  3088 | D:4      | Found an ornate altar of the Wu Jian Council.
  3099 | D:4      | Identified the +2 shortbow "Killer Klown's Doom" {heavy,
                  | rCorr Dex+4 Stlth+}
  3195 | D:4      | Reached skill level 5 in Air Magic
  3195 | D:4      | Noticed a phantom
  3197 | D:4      | Reached XP level 6. HP: 32/32 MP: 9/16
  3401 | D:4      | Found a broken altar of Ashenzari.
  3415 | D:4      | Reached skill level 6 in Spellcasting
  3486 | D:4      | Identified a scroll of acquirement
  3487 | D:4      | Acquired a staff of air
  3495 | D:4      | Learned a level 4 spell: Airstrike
  3655 | D:4      | Reached skill level 1 in Fighting
  3655 | D:4      | Reached XP level 7. HP: 35/38 MP: 9/18
  4191 | D:4      | Noticed Duvessa
  4192 | D:4      | Noticed a wyvern
  4577 | D:5      | Entered Level 5 of the Dungeon
  4609 | D:5      | Reached skill level 5 in Conjurations
  4684 | D:5      | Reached skill level 7 in Spellcasting
  4965 | D:5      | Noticed Prince Ribbit
  4975 | D:5      | Killed Prince Ribbit
  4976 | D:5      | Reached XP level 8. HP: 43/45 MP: 7/21
  5385 | D:5      | Found a glowing silver altar of Zin.
  5388 | D:5      | Noticed Pikel
  5473 | D:5      | Found a runed translucent door.
  5474 | D:5      | Noticed Crazy Yiuf
  5626 | D:5      | Noticed Edmund
  5635 | D:5      | HP: 1/45 [Edmund/+1 dire flail of protection (9)]
  5636 | D:5      | Killed Edmund
  5637 | D:5      | Reached skill level 8 in Spellcasting
  5854 | D:6      | Acquired the +1 cloak of Fanaticism {rElec}
  5944 | D:6      | Found a staircase to the Ecumenical Temple.
  5950 | Temple   | Entered the Ecumenical Temple
  6018 | D:6      | Noticed Jeremiah
  6022 | D:6      | Killed Jeremiah
  6793 | D:7      | Found a shimmering blue altar of Sif Muna.
  6836 | D:7      | Reached XP level 9. HP: 52/52 MP: 18/23
  7013 | D:7      | Became a worshipper of Sif Muna the Loreminder
  7105 | D:7      | Reached skill level 9 in Spellcasting
  7468 | D:7      | Identified the serpent talisman "Zalefuat" {Str+3 SInv}
  7874 | D:8      | Found Turubej's Weapon Shop.
  7939 | D:7      | Slain by a killer bee

Illustrated notes

Levels and vault maps discovered:
D:1:      lightli_arrival_noodles, layout_loops_corners,
          minmay_misc_feat_four_crosses, st_stairs_1
D:2:      minmay_wonky_spiral, layout_basic
D:3:      layout_loops_ring, minmay_vboxes
D:4:      layout_rooms, ashenzari_altar_1, mainiacjoe_overflow_large_starburst,
          serial_undead, serial_undead_e, serial_undead_b, serial_undead_c,
          serial_undead_e, serial_undead_d, serial_undead_c, minmay_manual_mail,
          uniq_duvessa
D:5:      layout_rooms, kennysheep_little_box, kennysheep_mini, uniq_pikel,
          uniq_edmund, uniq_crazy_yiuf_cottage, uniq_prince_ribbit1
D:6:      layout_rooms, minmay_temple_entry_trees, minivault_23, uniq_jeremiah
D:7:      layout_rooms, led_sif_pool
D:8:      layout_cave_pools, nicolae_ru_path_of_blood, serial_shops, shop
Temple:   nicolae_temple_figure_eight

Skill      XL: |  1  2  3  4  5  6  7  8  9 |
---------------+----------------------------+-----
Conjurations   | 2 3 4 5 6 7 |  7.6
Spellcasting   | 4 5 6 7 8 9 |  9.6
Air Magic      | 4 5 6 7 8 |  8.3
Fighting       | 1 2 3 4 |  4.5
Dodging        | |  2.4
Stealth        | |  2.4

Action                     |  1- 3 |  4- 6 |  7- 9 || total
---------------------------+-------+-------+-------++-------
  Melee: Short sword       |     2 |       |       ||     2
         Dagger            |    17 |       |     5 ||    22
         Spear             |    40 |    15 |     7 ||    62
         Staff             |       |       |     3 ||     3
   Cast: Shock             |    40 |    81 |    91 ||   212
         Static Discharge  |       |    14 |    18 ||    32
         Airstrike         |       |       |    69 ||    69
    Use: Scroll            |       |     7 |     8 ||    15
   Stab: Sleeping          |    11 |       |       ||    11
 Armour: Robe              |    34 |    41 |    92 ||   167
  Dodge: Dodged            |    45 |    19 |    52 ||   116

Table legend: (Time is in decaauts)
 A = Elapsed time spent in this place.
 B = Non-inter-level travel time spent in this place.
 C = Inter-level travel time spent in this place.
 D = Time resting spent in this place.
 E = Time spent auto-exploring this place.
 F = Levels seen in this place.
 G = Mean time per level.
                   A        B        C        D        E       F      G
               +--------+--------+--------+--------+--------+-----+--------+
         Total |   7945 |   7603 |    342 |   1849 |   4195 |   9 |  882.8 |
       Dungeon |   7936 |   7597 |    339 |   1849 |   4195 |   8 |  992.0 |
        Temple |      8 |      5 |      3 |      0 |      0 |   1 |    8.0 |
               +--------+--------+--------+--------+--------+-----+--------+

Top non-repeatable levels by time:
     D:4: 1357 daAuts
     D:5: 1339 daAuts
     D:3: 1270 daAuts
     D:1: 1093 daAuts
     D:7: 1017 daAuts
     D:2: 861 daAuts
     D:6: 763 daAuts
     D:8: 232 daAuts
  Temple: 8 daAuts
